 Dungeon Crawl Stone Soup version 0.25-a0-2-g6559c6c67a (webtiles) character file.

Game seed: 24908828032011678, levelgen mode: classic

60074 Maize the Severer (level 14, -5/133 HPs)
             Began as a Minotaur Berserker on June 14, 2019.
             Was a High Priest of Trog.
             Killed from afar by a lindwurm (21 damage)
             ... with a blast of flame
             ... summoned by Kirke
             ... on level 1 of the Shoals on Oct 14, 2019.
             The game lasted 00:32:03 (14297 turns).

Maize the Severer (Minotaur Berserker)             Turns: 14297, Time: 00:32:04

Health: -5/133     AC:  0    Str: 29    XL:     14   Next: 55%
Magic:  13/13      EV: 15    Int:  7    God:    Trog [*****.]
Gold:   1069       SH:  0    Dex: 15    Spells: 13/13 levels left

rFire    . . .     SeeInvis .   (weapon currently unavailable)
rCold    . . .     Gourm    .   (shield currently unavailable)
rNeg     . . .     Faith    +   (armour currently unavailable)
rPois    .         Spirit   .   (helmet currently unavailable)
rElec    .         Reflect  .   (cloak currently unavailable)
rCorr    .         Harm     .   (gloves currently unavailable)
MR       +....     Clarity  +   (boots currently unavailable)
Stlth    +.........             B - amulet of Trog's Delight {Faith *Slow Str+2 Int+3 Dex+3}
HPRegen  0.32/turn              (ring currently unavailable)
MPRegen  0.13/turn              (ring currently unavailable)

@: pig-form, very quick
A: small, (retaliatory headbutt), clarity, strong 1
a: Berserk, Trog's Hand, Brothers in Arms, Renounce Religion


You were on level 1 of the Shoals.
You worshipped Trog.
Trog was extremely pleased with you.
You were not hungry.
You were a filthy swine.
You visited 3 branches of the dungeon, and saw 14 of its levels.
You also visited: Gauntlet.

You collected 1069 gold pieces.

Inventory:

Hand Weapons
 e - a +0 vampiric broad axe (melded)
 k - a +2 antimagic battleaxe
 I - a +2 executioner's axe of chopping
 K - a +2 vampiric war axe
Armour
 h - a +0 chain mail (melded)
 r - a scarf of repulsion (melded)
 G - a scarf of cloud immunity
 L - a +0 pair of gloves of dexterity (melded)
Jewellery
 p - the ring of Pasu {rN+ MP+9 Str+2 Int-4}
   (You found it in a Gauntlet)

   [ring of magical power]

   It affects your strength (+2).
   It affects your intelligence (-4).
   It protects you from negative energy.
   It affects your magic capacity (+9).
 q - an uncursed ring of poison resistance
 s - the ring "Quapievef" (melded) {Wiz Slay+3}
   (You found it on level 4 of the Dungeon)

   [ring of wizardry]

   It improves your spell success rate.
   It affects your accuracy and damage with ranged weapons and melee attacks
   (+3).
 B - the amulet of Trog's Delight (around neck) {Faith *Slow Str+2 Int+3 Dex+3}
   (You found it in a Gauntlet)

   [amulet of faith]

   It allows you to gain divine favour quickly.
   It affects your strength (+2).
   It affects your intelligence (+3).
   It affects your dexterity (+3).
   It may slow you when you take damage.
 M - the ring "Zoetsota" (melded) {+Inv rC+ Str+7}
   (You found it on level 10 of the Dungeon)

   [ring of protection from cold]

   It affects your strength (+7).
   It protects you from cold.
   It lets you turn invisible.
Wands
 d - a wand of digging (9)
 x - a wand of flame (42)
 y - a wand of paralysis (13)
 D - a wand of acid (11)
 E - a wand of scattershot (4)
Scrolls
 b - 2 scrolls of fog
 f - 3 scrolls of teleportation
 g - a scroll of vulnerability {unknown}
 l - a scroll of identify
 n - a scroll of brand weapon {unknown}
 o - 5 scrolls of remove curse
 t - 3 scrolls of enchant weapon
 J - 2 scrolls of enchant armour
 O - 2 scrolls of blinking {unknown}
Potions
 a - a potion of might
 i - a potion of magic
 j - 5 potions of curing
 m - 5 potions of agility
 u - 2 potions of brilliance
 A - a potion of mutation
 H - 5 potions of haste
Comestibles
 c - 20 rations
 v - a chunk of flesh


   Skills:
 + Level 14.5 Fighting
 * Level 19.2 Axes
 + Level 14.3 Armour
 - Level 2.2 Dodging


You had 13 spell levels left.
You didn't know any spells.
Your spell library was empty.

Dungeon Overview and Level Annotations

Branches:
Dungeon (10/15)            Temple (0/1) D:6            Lair (3/6) D:10
 Shoals (1/4) Lair:3          Orc (0/2) D:9
  Snake: Lair:2-4    Spider: Lair:2-4

Altars:
Ashenzari
Cheibriados
Dithmenos
Hepliaklqana
Kikubaaqudgha
Makhleb
Ru
Uskayaw
Vehumet
Yredelemnul

Portals:
Bazaar: Shoals:1

Annotations:
Shoals:1 Kirke


Innate Abilities, Weirdness & Mutations

((You reflexively headbutt those who attack you in melee.))
((You have a pair of horns on your head.))
((You have sharp fingernails.))
You possess an exceptional clarity of mind.
Your muscles are strong. (Str +2)


Message History

* * * LOW HITPOINT WARNING * * *
The hippogriff bites you.
* * * LOW HITPOINT WARNING * * *
The hippogriff pecks you.
* * * LOW HITPOINT WARNING * * *
The hippogriff claws you.
* * * LOW HITPOINT WARNING * * *
Unknown command.
Unknown command.
Kirke gestures at you while chanting.
You struggle to resist.
You see here 14 poisoned darts.
Kirke gestures wildly while chanting.
Kirke flickers and vanishes!
Deactivating autopickup; reactivate with Ctrl-A.
Unknown command.
Something tries to affect you, but you resist.
The lindwurm breathes flames at you. The blast of flame hits you!!
You die...

≈≈≈≈≈≈≈≈≈≈≈≈.....≈≈≈...≈≈≈≈≈.....
≈≈≈≈≈≈≈≈≈≈≈......................
≈≈≈≈≈≈≈≈≈≈≈.......[.....)........
≈≈≈≈≈≈≈≈≈≈≈.............††)......
≈≈≈≈≈≈≈≈≈≈≈..............††......
≈≈≈≈≈≈≈≈≈≈.........H.............
≈≈≈≈≈≈≈≈≈............(.{....#..≈.
≈≈≈≈≈≈≈≈≈..........k..........≈≈≈
≈≈≈≈≈≈≈≈,.......h...........≈≈≈≈≈
≈≈≈≈≈≈≈≈........≈≈≈.........≈≈≈≈≈
≈≈≈≈≈≈≈........≈≈♣≈≈.......≈....≈
≈≈≈≈≈≈≈........≈≈♣♣≈.......≈≈≈≈.≈
≈≈≈≈≈≈,........≈♣.♣≈.......≈≈≈≈≈≈
≈≈≈≈≈≈,........≈[.≈≈....≈≈..≈≈≈≈≈
≈≈≈≈≈≈...).....≈.♣≈≈.....≈≈≈≈≈≈≈≈
≈≈≈≈≈≈.........≈.≈≈......≈≈≈≈≈≈≈≈
≈≈≈≈≈≈≈≈.........≈.÷....≈≈≈≈≈≈≈≈≈


You could see a lindwurm and a hippogriff.

Vanquished Creatures
  A minotaur (Gauntlet)
  3 hydras
  2 dancing weapons (D:5)
  A two-headed ogre (D:8)
  9 death yaks
  A tengu warrior (Shoals:1)
  A hell hog (Gauntlet)
  An unseen horror (D:10)
  An obsidian statue (Gauntlet)
  A manticore (Lair:3)
  8 elephants
  3 black mambas
  A torpor snail (Gauntlet)
  3 spiny frogs
  2 komodo dragons
  2 rime drakes
  A polar bear (Lair:2)
  A tengu conjurer (Shoals:1)
  A merfolk (Shoals:1)
  13 blink frogs
  A troll (D:9)
  4 hippogriffs
  A snapping turtle (Shoals:1)
  13 yaks
  A wyvern (Lair:3)
  2 water elementals (Shoals:1)
  2 basilisks (Lair:3)
  3 fire bats (Gauntlet)
  A hungry ghost (D:8)
  6 hogs (Shoals:1)
  12 water moccasins
  7 orc warriors
  3 hell hounds (Gauntlet)
  4 porcupines
  Duvessa (D:5)
  A black bear (Lair:2)
  3 sky beasts
  A necrophage (D:6)
  10 ogres
  6 phantoms
  9 wolves
  8 centaurs
  4 crocodiles
  5 big kobolds
  13 bullfrogs
  A wyvern zombie (D:8)
  3 gnoll sergeants (D:9)
  Dowan (D:5)
  A water moccasin zombie (D:10)
  2 scorpions
  2 water moccasin skeletons
  6 killer bees (D:7)
  6 wights
  4 howler monkeys
  A crimson imp (D:6)
  3 bullfrog zombies
  8 hounds
  12 orc priests
  A centaur skeleton (D:4)
  A jelly (D:6)
  7 orc wizards
  3 iguanas
  10 worker ants
  2 hound zombies
  A hound skeleton (D:9)
  12 gnolls
  25 adders
  3 shadow imps
  4 oozes
  2 adder skeletons
  2 worms
  3 dart slugs
  A leopard gecko (D:6)
  43 orcs
  2 bats
  6 giant cockroaches
  5 goblins
  12 hobgoblins
  14 jackals
  6 kobolds
  4 quokkas
  A ball python (D:1)
  3 frilled lizards
  A leopard gecko skeleton (D:4)
  2 quokka skeletons
  6 rats
  3 fungi
  5 withered plants (Gauntlet)
417 creatures vanquished.

Vanquished Creatures (collateral kills)
  A hydra (Lair:3)
1 creature vanquished.

Vanquished Creatures (others)
  6 fungi
  14 plants
20 creatures vanquished.

Grand Total: 438 creatures vanquished

Notes
Turn   | Place    | Note
-------+----------+-------------------------------------------
     0 | D:1      | Maize the Minotaur Berserker began the quest for the Orb.
     0 | D:1      | Reached XP level 1. HP: 19/19 MP: 0/0
   278 | D:1      | Reached skill level 4 in Axes
   278 | D:1      | Reached XP level 2. HP: 26/27 MP: 1/1
   279 | D:1      | Upgraded the game from 0.24-a0-433-gbe6fa4f6cc to
                  | 0.24-a0-434-gd57e52fea8
   674 | D:2      | Reached XP level 3. HP: 33/33 MP: 2/2
   708 | D:2      | Reached ** piety under Trog
   764 | D:2      | Reached XP level 4. HP: 35/40 MP: 3/3
   809 | D:2      | Reached skill level 5 in Axes
   896 | D:2      | Found a shadowy altar of Dithmenos.
  1052 | D:2      | Found a snail-covered altar of Cheibriados.
  1076 | D:2      | Found a sacrificial altar of Ru.
  1204 | D:3      | Noticed an ogre
  1210 | D:3      | Killed an ogre
  1210 | D:3      | Reached XP level 5. HP: 47/47 MP: 4/4
  1330 | D:3      | Reached skill level 6 in Axes
  1389 | D:3      | Reached skill level 5 in Fighting
  1626 | D:3      | Reached XP level 6. HP: 56/56 MP: 5/5
  1964 | D:4      | Reached *** piety under Trog
  1973 | D:4      | Reached skill level 7 in Axes
  2016 | D:4      | Reached XP level 7. HP: 62/62 MP: 6/6
  2029 | D:4      | Reached skill level 5 in Armour
  2149 | D:4      | Got a scintillating iron ring
  2150 | D:4      | Identified the ring "Quapievef" {Wiz Slay+3} (You found it
                  | on level 4 of the Dungeon)
  2324 | D:4      | Reached skill level 8 in Axes
  2722 | D:5      | Entered Level 5 of the Dungeon
  2781 | D:5      | Noticed Dowan
  2781 | D:5      | Noticed Duvessa
  2787 | D:5      | Killed Duvessa
  2798 | D:5      | Reached XP level 8. HP: 62/71 MP: 7/7
  2811 | D:5      | Killed Dowan
  2895 | D:5      | Reached skill level 9 in Axes
  2901 | D:5      | Found a shadowy altar of Dithmenos.
  3575 | D:5      | Noticed a +0 hand axe
  3576 | D:5      | Noticed a +0 dagger
  3588 | D:5      | Found a hide-covered altar of Uskayaw.
  3805 | D:6      | Found a basalt altar of Yredelemnul.
  3849 | D:5      | Killed a +0 dagger
  3849 | D:5      | Reached skill level 10 in Axes
  3849 | D:5      | Reached XP level 9. HP: 81/81 MP: 8/8
  3851 | D:5      | Killed a +0 hand axe
  3851 | D:5      | Reached skill level 11 in Axes
  4060 | D:6      | Reached **** piety under Trog
  4267 | D:6      | Reached skill level 12 in Axes
  4414 | D:6      | Got a crude ring mail
  4613 | D:6      | Found a staircase to the Ecumenical Temple.
  4718 | D:6      | Identified the +1 ring mail "Vewer" {rF+ Regen+ Str-2} (You
                  | found it on level 6 of the Dungeon)
  4871 | D:7      | Reached XP level 10. HP: 90/90 MP: 9/9
  5204 | D:7      | Reached ***** piety under Trog
  5515 | D:7      | Found a radiant altar of Vehumet.
  5690 | D:8      | Reached skill level 13 in Axes
  5719 | D:8      | Found a burning altar of Makhleb.
  5893 | D:8      | Reached skill level 10 in Fighting
  6064 | D:8      | Found a hazy altar of Hepliaklqana.
  6064 | D:8      | Found an ancient bone altar of Kikubaaqudgha.
  6069 | D:8      | Found a shattered altar of Ashenzari.
  6070 | D:8      | Noticed a two-headed ogre
  6076 | D:8      | Killed a two-headed ogre
  6123 | D:8      | Reached skill level 10 in Armour
  7052 | D:9      | Reached skill level 14 in Axes
  7095 | D:9      | Found a staircase to the Orcish Mines.
  7098 | D:9      | Received a gift from Trog
  7123 | D:9      | Reached XP level 11. HP: 73/100 MP: 10/10
  7561 | D:10     | Entered Level 10 of the Dungeon
  7570 | D:10     | Killed an unseen horror
  7714 | D:10     | Found a staircase to the Lair.
  7914 | D:10     | Got a shimmering marble ring
  7922 | D:10     | Identified the ring "Zoetsota" {+Inv rC+ Str+7} (You found
                  | it on level 10 of the Dungeon)
  8199 | Lair:1   | Entered Level 1 of the Lair of Beasts
  8234 | Lair:1   | You fall into a shaft and drop 1 floor!
  8284 | Lair:2   | Reached skill level 15 in Axes
  8583 | Lair:1   | Noticed a seven-headed hydra
  8587 | Lair:1   | Killed an eight-headed hydra
  8881 | Lair:1   | Noticed a six-headed hydra
  8891 | Lair:1   | Killed an 11-headed hydra
  9344 | Lair:1   | Found the +8 whip "Snakebite" {curare, rPois}
  9345 | Lair:1   | Received a gift from Trog
  9428 | Lair:1   | Reached XP level 12. HP: 76/112 MP: 3/11
  9432 | Lair:1   | Reached skill level 16 in Axes
 10102 | Lair:2   | Noticed a death yak
 10140 | Lair:2   | Killed a death yak
 10190 | Lair:2   | Noticed a death yak
 10195 | Lair:2   | Noticed a death yak
 10199 | Lair:2   | Killed a death yak
 10205 | Lair:2   | Killed a death yak
 11163 | Lair:3   | Found a gate leading to a gauntlet.
 11172 | Gauntlet | Entered a Gauntlet
 11172 | Gauntlet | Found a transporter.
 11172 | Gauntlet | Found a transporter.
 11176 | Gauntlet | Found a transporter.
 11177 | Gauntlet | Found a transporter.
 11186 | Gauntlet | Found a transporter.
 11195 | Gauntlet | Noticed a hell hog
 11196 | Gauntlet | Found a transporter.
 11196 | Gauntlet | Found a transporter.
 11200 | Gauntlet | Found a transporter.
 11204 | Gauntlet | Noticed a green death
 11227 | Gauntlet | Found a transporter.
 11234 | Gauntlet | Found a transporter.
 11256 | Gauntlet | Found a transporter.
 11268 | Gauntlet | Found a transporter.
 11272 | Gauntlet | Found a large runed translucent door.
 11308 | Gauntlet | Found a transporter.
 11310 | Gauntlet | Found a large runed translucent door.
 11310 | Gauntlet | Found a large runed translucent door.
 11311 | Gauntlet | Found a large runed translucent door.
 11311 | Gauntlet | Found a large runed translucent door.
 11312 | Gauntlet | Found a large runed translucent door.
 11312 | Gauntlet | Found a runed translucent door.
 11312 | Gauntlet | Found a runed translucent door.
 11312 | Gauntlet | Found a large runed translucent door.
 11312 | Gauntlet | Found a large runed translucent door.
 11313 | Gauntlet | Found a large runed translucent door.
 11313 | Gauntlet | Found a large runed translucent door.
 11316 | Gauntlet | Found a large runed translucent door.
 11316 | Gauntlet | Found a large runed translucent door.
 11318 | Gauntlet | Found a large runed translucent door.
 11318 | Gauntlet | Found a large runed translucent door.
 11318 | Gauntlet | Found a large runed translucent door.
 11320 | Gauntlet | Found a runed translucent gate.
 11320 | Gauntlet | Found a runed translucent gate.
 11320 | Gauntlet | Found a runed translucent gate.
 11322 | Gauntlet | Found a transporter.
 11333 | Gauntlet | Found a large runed translucent door.
 11422 | Gauntlet | Found a transporter.
 11440 | Gauntlet | Found a transporter.
 11442 | Gauntlet | Noticed an entropy weaver
 11536 | Gauntlet | Reached skill level 17 in Axes
 11558 | Gauntlet | Got a brightly glowing brass amulet
 11559 | Gauntlet | Identified the amulet of Trog's Delight {Faith *Slow Str+2
                  | Int+3 Dex+3} (You found it in a Gauntlet)
 11678 | Gauntlet | Killed a hell hog
 11694 | Gauntlet | Got a warped granite ring
 11697 | Gauntlet | Identified the ring of Pasu {rN+ MP+9 Str+2 Int-4} (You
                  | found it in a Gauntlet)
 11743 | Gauntlet | Noticed a minotaur
 11753 | Gauntlet | Killed a minotaur
 12004 | Lair:3   | Noticed a death yak
 12004 | Lair:3   | Noticed a death yak
 12005 | Lair:3   | Noticed a death yak
 12007 | Lair:3   | Noticed a death yak
 12007 | Lair:3   | Noticed a death yak
 12008 | Lair:3   | Noticed a death yak
 12014 | Lair:3   | Killed a death yak
 12014 | Lair:3   | Reached XP level 13. HP: 122/122 MP: 4/12
 12466 | Lair:3   | Reached skill level 18 in Axes
 12686 | Lair:3   | Found a staircase to the Shoals.
 13974 | Lair:3   | Received a gift from Trog
 13982 | Lair:3   | Upgraded the game from 0.24-a0-434-gd57e52fea8 to
                  | 0.25-a0-2-g6559c6c67a
 14020 | Shoals:1 | Entered Level 1 of the Shoals
 14066 | Shoals:1 | Gained mutation: You possess an exceptional clarity of
                  | mind. [potion of mutation]
 14066 | Shoals:1 | Gained mutation: You have sharp fingernails. [potion of
                  | mutation]
 14066 | Shoals:1 | Gained mutation: Your muscles are strong. (Str +2) [potion
                  | of mutation]
 14068 | Shoals:1 | Reached skill level 19 in Axes
 14068 | Shoals:1 | Reached XP level 14. HP: 133/133 MP: 13/13
 14256 | Shoals:1 | Noticed Kirke
 14265 | Shoals:1 | Found a flickering gateway to a bazaar.
 14297 | Shoals:1 | Killed from afar by a lindwurm

Levels and vault maps discovered:
D:1:      dpeg_arrival_tiny_k, layout_rooms, chequers_jeans
D:2:      layout_basic, old_standard_altar, nicolae_dithmenos_shadow_blocks,
          cheibriados_altar_1
D:3:      layout_loops_ring
D:4:      layout_basic
D:5:      layout_loops_ring, dancing_weapons_uskayaw, basic_altar, first_ration,
          uniq_duvessa
D:6:      layout_loops_cross, yredelemnul_altar_generic, temple_hall,
          minmay_fractal_squares_diagonal_5
D:7:      layout_cave_pods, grunt_ogre_cave, dk_noncrumbling_2,
          vehumet_altar_wand_db
D:8:      layout_loops_cross, bloody_makhleb, grunt_temple_overflow_open
D:9:      layout_basic, kennysheep_orc_monster_closet_entryway,
          minmay_misc_feat_alley, minmay_misc_feat_more_columns
D:10:     layout_loops_ring, lair_entry_dummy, minmay_misc_feat_x
Lair:1:   minmay_guarded_unrand_snakebite, layout_loops_ring
Lair:2:   layout_regular_city, forest_entry_grove, grunt_megastairs_5,
          lemuel_fruit_tree
Lair:3:   layout_regular_city, minmay_shoals_entry_beasts,
          gauntlet_entry_generic, st_stairs_4, nzn_random_ring
Shoals:1: layout_shoals, serial_shops, bzr_entry_customers, kb_tengu_band,
          uniq_kirke

Skill      XL: |  1  2  3  4  5  6  7  8  9 10 11 12 13 |
---------------+----------------------------------------+-----
Axes           | 4 5 6 7 8 10 12 14 15 17 19 | 19.2
Fighting       | 4 5 6 8 9 10 12 13 14 | 14.5
Armour         | 3 4 5 7 8 10 11 13 14 | 14.3
Dodging        | |  2.2

Action                   |  1- 3 |  4- 6 |  7- 9 | 10-12 | 13-15 || total
-------------------------+-------+-------+-------+-------+-------++-------
Melee: Hand axe          |    73 |    85 |       |       |       ||   158
       Headbutt          |     7 |    31 |    34 |   117 |    35 ||   224
       War axe           |       |    22 |   165 |   164 |       ||   351
       Executioner's axe |       |       |       |   156 |       ||   156
       Battleaxe         |       |       |       |   132 |    69 ||   201
       Broad axe         |       |       |       |       |    32 ||    32
       Unarmed           |       |       |       |       |    18 ||    18
Invok: Berserk           |       |     2 |     3 |    12 |     2 ||    19
       Trog's Hand       |       |       |     1 |     3 |       ||     4
       Brothers in Arms  |       |       |       |       |     1 ||     1
Evoke: Wand              |       |       |     1 |       |       ||     1
  Use: Scroll            |       |       |    10 |     9 |     5 ||    24
       Potion            |       |       |       |     2 |     6 ||     8
  Eat: Chunk             |       |     6 |    11 |    35 |     4 ||    56
       Ration            |       |       |       |     1 |     2 ||     3
Armor: Animal skin       |     5 |       |       |       |       ||     5
       Chain mail        |    33 |    48 |    78 |   240 |    76 ||   475
Dodge: Dodged            |    52 |    44 |    71 |   228 |    91 ||   486
       Deflected         |       |       |    13 |     9 |       ||    22

Table legend:
 A = Non-vault XP
 B = Vault XP
 C = Vault XP percentage of total XP
 D = Non-vault monster count
 E = Vault monster count
 F = Vault count percentage of total count
                 A         B        C        D         E       F
            +---------+---------+-------+---------+---------+-------
      Total |   31737 |   21939 |  40.9 |     313 |      97 |  23.7
            +---------+---------+-------+---------+---------+-------
        D:1 |      29 |       0 |   0.0 |      17 |       0 |   0.0
        D:2 |     113 |       0 |   0.0 |      31 |       0 |   0.0
        D:3 |     306 |       0 |   0.0 |      25 |       0 |   0.0
        D:4 |     636 |       0 |   0.0 |      18 |       0 |   0.0
        D:5 |     940 |    2012 |  68.2 |      25 |       4 |  13.8
        D:6 |    1057 |     146 |  12.1 |      19 |       6 |  24.0
        D:7 |    1610 |     124 |   7.2 |      40 |       2 |   4.8
        D:8 |    2217 |       0 |   0.0 |      27 |       0 |   0.0
        D:9 |    1091 |    1495 |  57.8 |      20 |      20 |  50.0
       D:10 |    2087 |       0 |   0.0 |      27 |       0 |   0.0
     Lair:1 |    5402 |    1809 |  25.1 |      20 |      10 |  33.3
     Lair:2 |    6366 |    1613 |  20.2 |      20 |      10 |  33.3
     Lair:3 |    8919 |    5764 |  39.3 |      20 |      20 |  50.0
   Shoals:1 |     964 |    2352 |  70.9 |       4 |      10 |  71.4
   Gauntlet |       0 |    6624 | 100.0 |       0 |      15 | 100.0
            +---------+---------+-------+---------+---------+-------
